 Dungeon Crawl Stone Soup version 0.29-a0-925-g0a7a3d12f8 (webtiles) character file.

Game seed: 11973981288526324360

24768 IdlyInterested the Carver (level 12, 0/83 HPs)
             Began as a Demonspawn Gladiator on July 28, 2022.
             Slain by a death yak (11 damage)
             ... on level 3 of the Lair of Beasts.
             The game lasted 00:45:48 (11732 turns).

IdlyInterested the Carver (Demonspawn Gladiator)   Turns: 11732, Time: 00:45:48

Health: 0/83       AC: 16    Str: 15    XL:     12   Next: 83%
Magic:  12/12      EV: 15    Int:  8    God:
Gold:   590        SH:  0    Dex: 29    Spells: 11/11 levels left

rFire   . . .      SeeInvis .   G - +1 scimitar (spect)
rCold   . . .      Faith    .   (no shield)
rNeg    . . .      Spirit   .   h - +3 scale mail {rPois}
rPois   +          Reflect  .   y - +1 helmet
rElec   .          Harm     .   n - +0 cloak
rCorr   .          Rampage  .   (gloves unavailable)
Will    +....                   (no boots)
Stlth   +++.......              t - amulet of regeneration
HPRegen 1.03/turn               P - +6 ring of dexterity
MPRegen 0.13/turn               C - ring of willpower

@: no status effects
A: claws 3, foul stench 1, spiny 2, sturdy frame 3, agile 1, wild magic 1
a: no special abilities


You were on level 3 of the Lair of Beasts.
You visited 3 branches of the dungeon, and saw 15 of its levels.
You also visited: Bailey.

You collected 950 gold pieces.
You spent 360 gold pieces at shops.

Inventory:

Hand Weapons
 c - a +2 dagger of venom
 k - a +3 dagger
 E - a +0 great sword
 G - a +1 spectral scimitar (weapon)
Missiles
 d - 5 throwing nets
 e - a javelin
 f - 17 poisoned darts (quivered)
 s - 4 datura-tipped darts
 z - 13 boomerangs
Armour
 h - a +3 scale mail of poison resistance (worn)
 n - a +0 cloak (worn)
 y - a +1 helmet (worn)
 H - a +1 leather armour of cold resistance
 M - a +0 plate armour of fire resistance
 Q - a +2 buckler
Magical Staves
 l - a staff of cold
 S - a staff of conjuration
Jewellery
 j - an amulet of magic regeneration
 t - an amulet of regeneration (around neck)
 x - a ring of positive energy
 C - a ring of willpower (right claw)
 K - a ring of protection from cold
 L - an amulet of guardian spirit
 P - a +6 ring of dexterity (left claw)
Wands
 A - a wand of iceblast (10)
 D - a wand of paralysis (15)
 F - a wand of digging (7)
Scrolls
 b - 3 scrolls of enchant armour
 m - 3 scrolls of blinking
 q - 3 scrolls of magic mapping
 u - 6 scrolls of teleportation
 J - a scroll of enchant weapon
 N - a scroll of silence
 O - a scroll of butterflies
 R - 2 scrolls of poison
Potions
 a - a potion of resistance
 g - 2 potions of flight
 i - 4 potions of mutation
 o - 4 potions of brilliance
 p - 6 potions of curing
 r - 2 potions of magic
 w - a potion of invisibility
 B - 2 potions of haste
Miscellaneous
 I - a phial of floods


   Skills:
 - Level 4.0 Fighting
 + Level 14.8 Long Blades
 - Level 3.0 Throwing
 * Level 12.9 Armour
 - Level 4.0 Dodging
 * Level 3.8 Stealth
 - Level 4.0 Shields
 - Level 4.0 Unarmed Combat
 - Level 3.0 Evocations


You had 11 spell levels left.
You didn't know any spells.
Your spell library contained the following spells:

 Spells                   Type           Power      Damage    Failure   Level
 Sandblast                Erth           0%         2d4       54%         1
 Passwall                 Tmut/Erth      0%         N/A       67%         2
 Poisonous Vapours        Pois/Air       0%         N/A       67%         2
 Conjure Flame            Conj/Fire      0%         6-21      88%         3
 Ignite Poison            Fire/Tmut/Pois 0%         N/A       88%         3
 Stone Arrow              Conj/Erth      0%         3d7       88%         3
 Summon Guardian Golem    Hex/Summ       0%         N/A       88%         3
 Corpse Rot               Necr/Pois/Air  0%         N/A       99%         4
 Leda's Liquefaction      Hex/Erth       0%         N/A       99%         4
 Sticky Flame             Conj/Fire      0%         2d3       99%         4
 Fireball                 Conj/Fire      0%         3d3       100%        5
 Iskenderun's Battlesphe  Conj           0%         2d6       100%        5
 Yara's Violent Unravell  Hex/Tmut       0%         3d3       100%        5
 Conjure Ball Lightning   Conj/Air       0%         3x3d6     100%        6
 Orb of Destruction       Conj           0%         9d5       100%        7
 Lehudib's Crystal Spear  Conj/Erth      0%         10d2      100%        8


Dungeon Overview and Level Annotations

Branches:
Dungeon (11/15)            Temple (1/1) D:5            Lair (3/5) D:11
    Orc (0/2) D:10         Bailey (visited)
  Swamp: Lair:2-3    Shoals: Lair:2-3     Snake: Lair:2-3    Spider: Lair:2-3

Altars:
Ashenzari
Cheibriados
Dithmenos
Fedhas
Gozag
Hepliaklqana
Kikubaaqudgha
Makhleb
Nemelex Xobeh
Okawaru
Qazlal
Ru
Sif Muna
Trog
Uskayaw
Vehumet
Wu Jian
Xom
Yredelemnul

Shops:
D:8 :   D:10 *

Annotations:
Lair:3 Snorg


Innate Abilities, Weirdness & Mutations

You have claws for hands.
You may rarely emit foul miasma when damaged in melee.
You are mostly covered in sharp spines.
Your movements are significantly less encumbered by armour. (ER -6)
You are agile. (Dex +4, Str/Int -1)
Your spells are a little harder to cast, but a little more powerful.


Message History

You hear an angry hiss.
You slash the death yak!
The death yak is severely wounded.
Your +1 spectral scimitar hits the death yak!
Unknown command.
You slash the death yak!
The death yak is almost dead.
Your +1 spectral scimitar barely misses the death yak.
The death yak barely misses you.
The death yak gores your +1 spectral scimitar!
Your spectral weapon shares its damage with you!
The death yak closely misses your +1 spectral scimitar.
The death yak closely misses you.
You slash the death yak!
You kill the death yak!
The death yak gores you!!
Unknown command.
You slash the death yak!
The death yak is lightly wounded.
Your +1 spectral scimitar hits the death yak!!
Unknown command.
You slash the death yak!
The death yak is heavily wounded.
Your +1 spectral scimitar hits the death yak!!
The water moccasin completely misses you.
The death yak completely misses you.
Unknown command.
You hit the death yak.
The death yak is almost dead.
The water moccasin closely misses you. The death yak gores you!!
* * * LOW HITPOINT WARNING * * *
The death yak gores you.
* * * LOW HITPOINT WARNING * * *
The death yak is struck by your spines. The death yak closely misses you.
You slash the death yak!
The death yak is almost dead.
The water moccasin is struck by your spines.
The water moccasin bites you but does no damage.
The death yak gores you!
You die...

#...#### #
#......#
..##P#...#..###
#........P....##
.......<.....=.##
.........#.†....#
.....#...#.(....#
.#.. #..#..#.YY.#
## .......##@YD#
#.......PS##.#
#.....#.... ..#
.#....P..... Y.#
[#P...#. Y.
....... ... ....
.. .#S .PP. ..


You could see 3 death yaks, a six-headed hydra, a water moccasin and a friendly
+1 spectral scimitar (summoned).

Vanquished Creatures
  A hydra (D:10)
  Harold (D:11)
  2 vault guards (Bailey)
  A two-headed ogre (D:10)
  A death yak (Lair:3)
  2 oklob plants (Lair:2)
  3 manticores (D:11)
  5 elephants (Lair:1)
  Maurice (D:11)
  2 black mambas
  3 cane toads (Lair:2)
  A rime drake (Lair:3)
  4 komodo dragons
  An unseen horror (D:11)
  3 trolls
  2 polar bears (Lair:2)
  A hornet (D:9)
  Grinder (D:5)
  Prince Ribbit (Bailey)
  Sigmund (D:4)
  27 yaks
  A wraith (D:11)
  4 humans (Bailey)
  A wyvern (D:8)
  4 basilisks
  Edmund (D:4)
  11 water moccasins
  An acid dragon (D:8)
  5 orc warriors
  2 sky beasts
  4 black bears
  10 wolves (Lair:2)
  A centaur (D:9)
  2 kobold brigands
  18 bullfrogs
  A necrophage (D:7)
  A gnoll sergeant (D:8)
  2 scorpions (D:5)
  8 wights (D:7)
  14 killer bees
  10 howler monkeys
  An electric eel (Lair:1)
  3 hounds
  A jelly (D:6)
  5 orc priests
  Crazy Yiuf (D:6)
  A gnoll bouda (D:5)
  5 iguanas
  4 orc wizards
  13 gnolls
  7 adders
  A shadow imp (D:8)
  3 white imps
  3 dart slugs
  38 orcs
  8 ball pythons
  6 endoplasms
  5 giant cockroaches
  13 goblins
  3 hobgoblins
  4 jackals (D:1)
  18 kobolds
  3 quokkas
  5 bats
  3 frilled lizards
  6 rats
325 creatures vanquished.

Vanquished Creatures (others)
  21 fungi
  18 plants (D:11)
39 creatures vanquished.

Grand Total: 364 creatures vanquished

Notes
Turn   | Place    | Note
-------+----------+-------------------------------------------
     0 | D:1      | IdlyInterested the Demonspawn Gladiator began the quest for
                  | the Orb.
     0 | D:1      | Reached XP level 1. HP: 16/16 MP: 1/1
     6 | D:1      | Noticed a black bear
     6 | D:1      | Noticed a komodo dragon
     7 | D:1      | Noticed a black mamba
   124 | D:1      | Reached skill level 3 in Long Blades
   127 | D:1      | Found a faded altar of an unknown god.
   138 | D:1      | Gained mutation: Your movements are slightly less
                  | encumbered by armour. (ER -2) [demonic ancestry]
   138 | D:1      | Reached XP level 2. HP: 22/22 MP: 2/2
   223 | D:1      | Reached skill level 1 in Armour
   654 | D:1      | Gained mutation: You are partially covered in sharp spines.
                  | [demonic ancestry]
   654 | D:1      | Reached XP level 3. HP: 27/27 MP: 3/3
  2337 | D:3      | Reached skill level 1 in Stealth
  2378 | D:3      | Found a hazy altar of Hepliaklqana.
  2676 | D:4      | Reached skill level 4 in Long Blades
  2676 | D:4      | Gained mutation: You may rarely emit foul miasma when
                  | damaged in melee. [demonic ancestry]
  2676 | D:4      | Reached XP level 4. HP: 33/33 MP: 4/4
  2833 | D:4      | Reached skill level 1 in Evocations
  2833 | D:4      | Reached XP level 5. HP: 38/38 MP: 5/5
  3123 | D:4      | Noticed Sigmund
  3124 | D:4      | Noticed Edmund
  3131 | D:4      | Killed Sigmund
  3132 | D:4      | Reached skill level 6 in Long Blades
  3132 | D:4      | Gained mutation: You are mostly covered in sharp spines.
                  | [demonic ancestry]
  3132 | D:4      | Reached XP level 6. HP: 28/44 MP: 0/6
  3134 | D:4      | Killed Edmund
  3135 | D:4      | Reached skill level 7 in Long Blades
  3353 | D:5      | Entered Level 5 of the Dungeon
  3441 | D:5      | Gained mutation: You have sharp fingernails. [demonic
                  | ancestry]
  3441 | D:5      | Reached XP level 7. HP: 40/50 MP: 7/7
  3566 | D:5      | Reached skill level 8 in Long Blades
  3689 | D:5      | Found a staircase to the Ecumenical Temple.
  3698 | Temple   | Entered the Ecumenical Temple
  4190 | D:5      | Noticed Grinder
  4202 | D:5      | Paralysed by Grinder for 3 turns
  4210 | D:5      | Killed Grinder
  4285 | D:5      | Gained mutation: Your spells are a little harder to cast,
                  | but a little more powerful. [potion of mutation]
  4285 | D:5      | Gained mutation: You are agile. (Dex +4, Str/Int -1)
                  | [potion of mutation]
  4337 | D:6      | Found a sparkling altar of Nemelex Xobeh.
  4455 | D:6      | Reached skill level 9 in Long Blades
  4455 | D:6      | Reached skill level 5 in Armour
  4455 | D:6      | Gained mutation: You have very sharp fingernails. [demonic
                  | ancestry]
  4455 | D:6      | Reached XP level 8. HP: 40/56 MP: 8/8
  4504 | D:6      | Found a sacrificial altar of Ru.
  4675 | D:6      | Found a shimmering blue altar of Sif Muna.
  4844 | D:6      | Found a runed translucent door.
  4845 | D:6      | Noticed Crazy Yiuf
  4850 | D:6      | Killed Crazy Yiuf
  4999 | D:7      | Found a flagged portal.
  5008 | Bailey   | Entered a bailey
  5026 | Bailey   | Reached skill level 10 in Long Blades
  5074 | Bailey   | Reached skill level 11 in Long Blades
  5094 | Bailey   | Reached XP level 9. HP: 43/62 MP: 9/9
  5148 | Bailey   | Reached skill level 1 in Unarmed Combat
  5164 | Bailey   | Noticed a vault guard
  5164 | Bailey   | Noticed Prince Ribbit
  5186 | Bailey   | Killed a vault guard
  5187 | Bailey   | Reached skill level 12 in Long Blades
  5201 | Bailey   | Killed Prince Ribbit
  5241 | Bailey   | Noticed a vault guard
  5257 | Bailey   | Killed a vault guard
  5258 | Bailey   | Gained mutation: Your movements are less encumbered by
                  | armour. (ER -4) [demonic ancestry]
  5258 | Bailey   | Reached XP level 10. HP: 58/70 MP: 10/10
  6368 | D:8      | Found Jenes's Book Shoppe.
  6437 | D:8      | Reached skill level 1 in Shields
  6870 | D:8      | Reached skill level 13 in Long Blades
  7061 | D:8      | Got the Enchiridion on Malediction and Grit
  7655 | D:9      | Gained mutation: You have claws for hands. [demonic
                  | ancestry]
  7655 | D:9      | Reached XP level 11. HP: 28/75 MP: 11/11
  7687 | D:9      | Reached skill level 10 in Armour
  8024 | D:10     | Entered Level 10 of the Dungeon
  8096 | D:10     | Noticed a six-headed hydra
  8114 | D:10     | Killed a six-headed hydra
  8520 | D:10     | Found Axoit's Fire Supplies.
  8546 | D:10     | Noticed a two-headed ogre
  8555 | D:10     | Killed a two-headed ogre
  8591 | D:10     | Found a staircase to the Orcish Mines.
  8960 | D:10     | Bought a +0 plate armour of fire resistance for 360 gold
                  | pieces
  9092 | D:11     | Reached skill level 14 in Long Blades
  9221 | D:11     | Found a staircase to the Lair.
  9483 | D:11     | Noticed Maurice
  9495 | D:11     | Killed Maurice
  9715 | D:11     | Noticed Harold
  9729 | D:11     | Killed Harold
  9841 | Lair:1   | Entered Level 1 of the Lair of Beasts
  9850 | Lair:1   | Gained mutation: Your movements are significantly less
                  | encumbered by armour. (ER -6) [demonic ancestry]
  9850 | Lair:1   | Reached XP level 12. HP: 82/82 MP: 12/12
 11434 | Lair:2   | Found a blossoming altar of Fedhas.
 11717 | Lair:3   | Noticed a death yak
 11717 | Lair:3   | Noticed a death yak
 11718 | Lair:3   | Noticed a death yak
 11718 | Lair:3   | Noticed a death yak
 11719 | Lair:3   | Noticed a six-headed hydra
 11719 | Lair:3   | Noticed a death yak
 11720 | Lair:3   | Noticed a death yak
 11720 | Lair:3   | Noticed Snorg
 11728 | Lair:3   | Killed a death yak
 11732 | Lair:3   | Slain by a death yak

Illustrated notes

Levels and vault maps discovered:
D:1:      onia_arrival_zoo_common, layout_rooms, basic_ecumenical_altar
D:2:      layout_basic
D:3:      layout_basic, worldfamousw_hep_ancestral_shrine,
          chequers_serial_rivers_micro_b
D:4:      layout_basic, sigmund_edmund_badplayer, uniq_sigmund
D:5:      layout_rooms, minmay_temple_entry_mist, hex_intersection, uniq_grinder
D:6:      layout_rooms, hangedman_ru_absence, nemelex_altar_shiori,
          mainiacjoe_overflow_paths, uniq_edmund, uniq_crazy_yiuf_cottage
D:7:      nicolae_cairo_tiling_very_big, layout_loops_ring, zin_scriptorium,
          enter_bailey_8, chequers_jeans
D:8:      layout_basic, serial_shops, shop_statue
D:9:      layout_rooms, serial_corexii_hall, corexii_hall_statues_x,
          corexii_hall_statues_t
D:10:     layout_rooms, orc_0_dummy, nicolae_shop_fire_sale
          [nicolae_sub_dead_trees], minmay_misc_feat_cross, minivault_5
D:11:     layout_small_grid, due_lair_maze_entry_diamond, uniq_maurice,
          uniq_harold
Temple:   minmay_temple_bridge_d
Lair:1:   layout_misc_corridors, infiniplex_staircase_pool, grunt_megastairs_4
Lair:2:   layout_hall_layers, hangedman_tree_tricks, beast_lair_carwin_5
Lair:3:   layout_misc_corridors, swamp_mist_pool, guppyfry_snake_entry_island,
          uniq_snorg, uniq_josephine

Skill      XL: |  1  2  3  4  5  6  7  8  9 10 11 12 |
---------------+-------------------------------------+-----
Long Blades    | 3 4 6 7 9 11 12 13 14 | 14.8
Armour         | 1 2 3 5 6 8 9 11 12 | 12.9
Stealth        | 1 2 3 |  3.8
Evocations     | 1 2 3 |  3.0
Throwing       | 2 3 |  3.0
Fighting       | 3 4 |  4.0
Unarmed Combat | 2 3 4 |  4.0
Dodging        | 3 4 |  4.0
Shields        | 3 4 |  4.0

Action                   |  1- 3 |  4- 6 |  7- 9 | 10-12 || total
-------------------------+-------+-------+-------+-------++-------
Melee: Long sword        |   113 |    45 |   214 |    66 ||   438
       Punch             |     3 |       |     4 |    17 ||    24
       Scimitar          |       |       |       |   540 ||   540
       Dagger            |       |       |       |    13 ||    13
Throw: Dart              |       |       |     4 |    23 ||    27
       Throwing net      |       |       |     1 |       ||     1
       Boomerang         |       |       |       |     1 ||     1
Evoke: Wand              |       |       |       |     5 ||     5
  Use: Scroll            |     3 |     5 |     7 |    13 ||    28
       Potion            |       |     1 |     6 |     4 ||    11
 Stab: Sleeping          |     2 |     2 |     1 |     4 ||     9
       Held in net/web   |       |       |     2 |       ||     2
       Distracted        |       |       |       |     1 ||     1
       Paralysed         |       |       |       |     1 ||     1
Armor: Leather armour    |    14 |       |       |       ||    14
       Ring mail         |    31 |    10 |       |       ||    41
       Scale mail        |       |     5 |    78 |   260 ||   343
Dodge: Dodged            |   101 |    25 |    63 |   378 ||   567

Table legend: (Time is in decaauts)
 A = Elapsed time spent in this place.
 B = Non-inter-level travel time spent in this place.
 C = Inter-level travel time spent in this place.
 D = Time resting spent in this place.
 E = Time spent auto-exploring this place.
 F = Levels seen in this place.
 G = Mean time per level.
                   A        B        C        D        E       F      G
               +--------+--------+--------+--------+--------+-----+--------+
         Total |  11559 |  10285 |   1274 |    510 |   6682 |  16 |  722.4 |
       Dungeon |   9241 |   8104 |   1137 |    396 |   5284 |  11 |  840.1 |
        Temple |    262 |    262 |      0 |      0 |    213 |   1 |  262.0 |
          Lair |   1807 |   1671 |    136 |    114 |   1171 |   3 |  602.3 |
        Bailey |    248 |    248 |      0 |      0 |     14 |   1 |  248.0 |
               +--------+--------+--------+--------+--------+-----+--------+

Top non-repeatable levels by time:
     D:7: 1204 daAuts
  Lair:2: 1045 daAuts
     D:8: 1022 daAuts
     D:2: 993 daAuts
     D:1: 865 daAuts
     D:3: 822 daAuts
     D:4: 817 daAuts
     D:9: 816 daAuts
    D:11: 736 daAuts
    D:10: 724 daAuts
  Lair:1: 720 daAuts
     D:5: 623 daAuts
     D:6: 614 daAuts
  Temple: 262 daAuts
  Bailey: 248 daAuts
